 Dungeon Crawl Stone Soup version 0.31.0-12-g77e489cdc1 (webtiles) character file.

Game seed: 3690058518655793080

566 bmo the Chopper (level 7, -8/82 HPs)
             Began as a Demonspawn Berserker on Feb 26, 2024.
             Was a Priest of Trog.
             Mangled by an ogre
             ... wielding a +0 giant spiked club
              (30 damage)
             ... on level 5 of the Dungeon.
             The game lasted 00:09:09 (4252 turns).

bmo the Chopper (Demonspawn Berserker)              Turns: 4252, Time: 00:09:09

Health: -8/82      AC: 12    Str: 19    XL:     7   Next: 10%
Magic:  7/7        EV:  7    Int:  8    God:    Trog [***...]
Gold:   245        SH:  4    Dex: 12    Spells: 6/6 levels left

rFire   . . .        a - +0 hand axe
rCold   . . .        (no shield)
rNeg    . . .        d - +0 plate armour
rPois   .            r - +0 helmet
rElec   .            (no cloak)
rCorr   +            (no gloves)
SInv    .            (no boots)
Will    .....        (no amulet) Stlth
                     i - ring of resist corrosion
HPRegen 0.33/turn    (no ring)
MPRegen 0.20/turn

%: no passive effects
@: berserking, very quick
A: claws 2, magic regeneration, sturdy frame 1, condensation shield
a: Renounce Religion, Berserk, Trog's Hand


You were on level 5 of the Dungeon.
You worshipped Trog.
Trog was most pleased with you.
You visited 1 branch of the dungeon, and saw 5 of its levels.

You collected 322 gold pieces.
You spent 77 gold pieces at shops.

Inventory:

Hand Weapons
 a - a +0 hand axe (weapon)
Armour
 d - a +0 plate armour (worn)
 e - a +1 scale mail of willpower
 r - a +0 helmet (worn)
 s - the +4 ring mail of Keoruisch {-Cast rN+ Slay+2 Stlth+}
   (You found it on level 4 of the Dungeon)

   Slay+2:    It affects your accuracy & damage with ranged weapons and melee
   (+2).
   rN+:       It protects you from negative energy.
   -Cast:     It prevents spellcasting.
   Stlth+:    It makes you more stealthy.
Jewellery
 i - a ring of resist corrosion (left claw)
 t - a ring of protection from cold
Scrolls
 c - 3 scrolls of teleportation {unknown}
 j - a scroll of fear {unknown}
 k - a scroll of silence {unknown}
 l - 3 scrolls of identify
 q - a scroll of revelation {unknown}
Potions
 b - 4 potions of attraction {unknown}
 f - a potion of brilliance {unknown}
 g - 4 potions of curing {unknown}
 h - a potion of enlightenment {unknown}
 m - 3 potions of heal wounds
 n - 2 potions of degeneration {unknown}
 o - a potion of mutation {unknown}
 p - a potion of invisibility {unknown}
 u - a potion of resistance {unknown}


   Skills:
 + Level 4.8 Fighting
 * Level 5.6 Axes
 + Level 3.7 Armour
 - Level 1.7 Dodging


You had 6 spell levels left.
You didn't know any spells.
Your spell library was empty.

Dungeon Overview and Level Annotations

Branches:
Dungeon (5/15)
 Temple: D:4-7

Altars:

Shops:
D:3 :[*=


Innate Abilities, Weirdness & Mutations

You have very sharp fingernails.
You regenerate magic rapidly.
Your movements are slightly less encumbered by armour. (ER -2)
A meltable shield of frost defends you. (SH +4)


Message History

There is an open door here.
You open the door.
There is an open door here.
You open the door.
There is an open door here.
An iguana comes into view.
The iguana hisses angrily.
An iguana is nearby!
The iguana barely misses you.
You hit the iguana.
The iguana is heavily wounded.
The iguana completely misses you.
You hit the iguana.
The iguana is almost dead.
The iguana bites you but does no damage.
You slash the iguana!
You kill the iguana!
Trog accepts your kill.
No target in view!
m - 3 potions of heal wounds (gained 1)
You open the door.
Found a book of Air.
There is an open door here.
An ogre comes into view. It is wielding a +0 giant spiked club.
The ogre shouts!
The ogre hits you with a +0 giant spiked club!!
You barely miss the ogre. You hit the ogre.
The ogre is lightly wounded.
The ogre closely misses you.
You barely miss the ogre.
The ogre is lightly wounded.
The ogre hits you with a +0 giant spiked club!
* * * LOW HITPOINT WARNING * * *
A red film seems to cover your vision as you go berserk!
You feel yourself moving faster!
You feel mighty!
You barely miss the ogre.
The ogre is lightly wounded.
The ogre hits you with a +0 giant spiked club!!
You die...

#.... #....#.....####'###..#.
#..... #....#.....#.....##..#.
#.....##....#.....#.....###'#.
#...........#.....#.....##..##
#...........+.....#.....#....'
#...........#.....#....<#....#
#...........#.....#.....#....#
#....####'###.....########..##
######.......@O...#.....##..#.
#............#.....#...#.
#............#...†.'...#.
#............#.....#...#(
#.....:......#.....#...#.
...#######....#..######.#.
.... ....#..#....#.## ...
....#..+....'..# #..#....#..#


You could see an ogre.

Vanquished Creatures
  2 ogres
  An orc priest (D:3)
  A gnoll bouda (D:5)
  4 hounds
  An iguana (D:5)
  Robin (D:4)
  3 gnolls (D:5)
  4 adders
  4 dart slugs
  5 ribbon worms
  9 orcs (D:3)
  8 ball pythons
  8 endoplasms
  A giant cockroach (D:4)
  19 goblins
  6 hobgoblins
  3 jackals (D:4)
  3 quokkas
  3 bats
  4 frilled lizards
  3 kobolds
  8 rats
101 creatures vanquished.

Notes
Turn   | Place    | Note
-------+----------+-------------------------------------------
     0 | D:1      | bmo the Demonspawn Berserker began the quest for the Orb.
     0 | D:1      | Reached XP level 1. HP: 18/18 MP: 1/1
   277 | D:1      | Reached skill level 3 in Axes
   306 | D:1      | Gained mutation: You regenerate magic rapidly. [demonic
                  | ancestry]
   306 | D:1      | Reached XP level 2. HP: 24/24 MP: 2/2
   968 | D:2      | Gained mutation: You have sharp fingernails. [demonic
                  | ancestry]
   968 | D:2      | Reached XP level 3. HP: 29/29 MP: 3/3
  1505 | D:2      | Reached ** piety under Trog
  1570 | D:3      | Found Hodosugh's General Store.
  1623 | D:3      | Bought a scroll of identify for 22 gold pieces
  1623 | D:3      | Bought a potion of heal wounds for 55 gold pieces
  1625 | D:3      | Found Waocawac's Jewellery Shop.
  1717 | D:3      | Reached XP level 4. HP: 26/37 MP: 4/4
  1719 | D:3      | Reached skill level 4 in Axes
  1770 | D:3      | Gained mutation: You have very sharp fingernails. [demonic
                  | ancestry]
  1770 | D:3      | Reached XP level 5. HP: 32/42 MP: 5/5
  2247 | D:3      | Found Ziamig's Antique Armour Shoppe.
  2289 | D:3      | Found Vageleun's Book Emporium.
  2633 | D:4      | Noticed Robin
  2639 | D:4      | Reached *** piety under Trog
  2657 | D:4      | Killed Robin
  2811 | D:4      | Identified the +4 ring mail of Keoruisch {-Cast rN+ Slay+2
                  | Stlth+}
  3072 | D:4      | Gained mutation: Your movements are slightly less
                  | encumbered by armour. (ER -2) [demonic ancestry]
  3072 | D:4      | Reached XP level 6. HP: 47/48 MP: 6/6
  3156 | D:4      | Reached skill level 5 in Axes
  3748 | D:5      | Entered Level 5 of the Dungeon
  4187 | D:5      | Gained mutation: A meltable shield of frost defends you.
                  | (SH +4) [demonic ancestry]
  4187 | D:5      | Reached XP level 7. HP: 55/55 MP: 7/7
  4252 | D:5      | Mangled by an ogre

Illustrated notes

Levels and vault maps discovered:
D:1:      lightli_arrival_isolated_outpost, layout_loops_ring
D:2:      layout_basic, kennysheep_generic_room_10
D:3:      minmay_recursive_quarters, layout_loops_ring, serial_shops,
          nicolae_shop_trees, shop, shop, shop_statue
D:4:      layout_basic, serial_corexii_hall, corexii_hall_statues_l,
          corexii_hall_statues_i, roderic_serpentine_path, uniq_robin
D:5:      layout_gridville, uniq_menkaure

Skill      XL: |  1  2  3  4  5  6 |
---------------+-------------------+-----
Axes           | 3 4 5 |  5.6
Armour         | 2 3 |  3.7
Fighting       | 4 |  4.8
Dodging        | |  1.7

Action                     |  1- 3 |  4- 6 |  7- 9 || total
---------------------------+-------+-------+-------++-------
  Melee: Hand axe          |   113 |   225 |     7 ||   345
         Punch             |     1 |     1 |       ||     2
 Invoke: Berserk           |     1 |     4 |     1 ||     6
 Armour: Animal skin       |     7 |       |       ||     7
         Plate armour      |    88 |   207 |     4 ||   299
  Dodge: Dodged            |    32 |    82 |     3 ||   117
